 Dungeon Crawl Stone Soup version 0.30.0-29-ga12c61a403 (webtiles) character file.

Game seed: 2460620492260996518

1099 qw the Chopper (level 8, -5/49 HPs)
             Began as a Gargoyle Fighter on June 4, 2023.
             Slain by a kobold brigand
             ... wielding a +0 short sword
              (8 damage)
             ... on level 6 of the Dungeon.
             The game lasted 00:03:03 (5297 turns).

qw the Chopper (Gargoyle Fighter)                   Turns: 5297, Time: 00:03:04

Health: -5/49      AC: 12    Str: 21    XL:     8   Next: 32%
Magic:  8/8        EV: 10    Int: 10    God:
Gold:   295        SH:  4    Dex:  9    Spells: 7/7 levels left

rFire   . . .        Y - +0 war axe (heavy)
rCold   . . .        c - +0 buckler
rNeg    + . .        b - +0 scale mail
rPois   inf          (no helmet)
rElec   +            (no cloak)
rCorr   .            (no gloves)
SInv    .            (no boots)
Will    .....        (no amulet) Stlth
                     (no ring)
HPRegen 0.28/turn    (no ring)
MPRegen 0.11/turn

%: no passive effects
@: no status effects
A: sickness immunity, AC +5, negative energy resistance 1, electricity
resistance, torment resistance 1, petrification resistance
a: no special abilities


You were on level 6 of the Dungeon.
You visited 1 branch of the dungeon, and saw 6 of its levels.

You collected 295 gold pieces.


Innate Abilities, Weirdness & Mutations

You are immune to sickness and miasma.
Your stone body is resilient. (AC +5)
You are immune to poison.
You resist negative energy. (rN+)
You are resistant to electric shocks. (rElec)
You are resistant to unholy torment.
You are immune to petrification.


   Skills:
 - Level 5.0 Fighting
 + Level 7.6 Axes
 - Level 1.1 Throwing
 - Level 3.2 Armour
 - Level 2.4 Dodging
 - Level 3.2 Shields


You had 7 spell levels left.
You didn't know any spells.
Your spell library was empty.

Inventory:

Hand Weapons
 k - the +7 hand axe "Death Rattle" {flame, rElec rN+}
   (You found it on level 5 of the Dungeon)

   rElec:     It insulates you from electricity.
   rN:        It protects you from negative energy.
 Y - a +0 heavy war axe (weapon)
Missiles
 i - 4 boomerangs (quivered)
Armour
 b - a +0 scale mail (worn)
 c - a +0 buckler (worn)
Scrolls
 l - a scroll of identify
Potions
 a - a potion of haste {unknown}
 d - a potion of might
 e - 2 potions of curing
 f - a potion of degeneration {unknown}

Dungeon Overview and Level Annotations

Branches:
Dungeon (6/15)             Temple (0/1) D:6

Altars:
Dithmenos
Trog
Wu Jian

Shops:
D:5 =

Annotations:
D:3 2 transporters, qw's ghost, amateur GrFi


Message History

A kobold brigand and 3 kobolds come into view.
The kobold brigand is wielding a +0 short sword and quivering poisoned darts.
Found a staircase to the Ecumenical Temple and a stone staircase leading down.
The kobold brigand shouts!
The kobold shouts! x2
The kobold barely misses you. x2; The kobold hits you but does no damage.
5293 ||| PLANNING TEMPLE You hit the kobold brigand.
The kobold brigand is lightly wounded.
You barely miss the kobold. You hit the kobold but do no damage.
The kobold hits you but does no damage.
The kobold brigand hits you with a +0 short sword.
The kobold hits you but does no damage. x2
You block the kobold brigand's attack. You block the kobold's attack.
You closely miss the kobold brigand.
The kobold brigand is lightly wounded.
You slash the kobold!
You kill the kobold!
You closely miss the kobold. You completely miss the kobold.
The kobold completely misses you. The kobold closely misses you.
The kobold brigand misses you. You block the kobold's attack.
The kobold hits you but does no damage. The kobold brigand misses you.
You miss the kobold brigand.
The kobold brigand is lightly wounded.
You slash the kobold!
You kill the kobold!
You barely miss the kobold. The kobold hits you but does no damage.
The kobold brigand hits you with a +0 short sword.
The kobold hits you but does no damage.
The kobold brigand hits you but does no damage.
You barely miss the kobold brigand.
The kobold brigand is lightly wounded.
You closely miss the kobold. The kobold barely misses you.
The kobold brigand closely misses you.
You barely miss the kobold brigand.
The kobold brigand is lightly wounded.
You closely miss the kobold. The kobold barely misses you.
The kobold brigand hits you with a +0 short sword!
You die...

#### ##...#
#.....# #......
.......###
.....}.@)#
......)KK...#
...}.>.}....#
...............
.....}.........
...............
......>........
..........###..


You could see a kobold brigand and a kobold.

Vanquished Creatures
  Sigmund (D:5)
  A steam dragon (D:5)
  A black bear (D:5)
  A jelly (D:4)
  A hound (D:5)
  An orc priest (D:5)
  3 sleepcaps (D:5)
  4 iguanas
  A gnoll bouda (D:6)
  5 adders
  20 gnolls
  An ufetubus (D:5)
  A worm (D:3)
  5 dart slugs
  11 orcs
  2 ball pythons (D:4)
  5 endoplasms
  3 giant cockroaches (D:1)
  27 hobgoblins
  A quokka (D:4)
  7 bats
  3 frilled lizards
  34 goblins
  13 kobolds
  7 rats
159 creatures vanquished.

Notes
Turn   | Place    | Note
-------+----------+-------------------------------------------
     0 | D:1      | qw the Gargoyle Fighter began the quest for the Orb.
     0 | D:1      | Reached XP level 1. HP: 14/14 MP: 1/1
     0 | D:1      | 0 ||| qw: Version: 0.2-a-107-g4668610
     0 | D:1      | 0 ||| qw: Game counter: 1317
     0 | D:1      | 0 ||| qw: Always use a shield: true
     0 | D:1      | 0 ||| qw: God list: Okawaru
     0 | D:1      | 0 ||| qw: Allow faded altars: false
     0 | D:1      | 0 ||| qw: Do Orc after D:15 true
     0 | D:1      | 0 ||| qw: Do second Lair branch before Depths: true
     0 | D:1      | 0 ||| qw: Lair rune preference: random
     0 | D:1      | 0 ||| qw: Plans: Normal, Zot:1-4, Slime:5, God:TSO, Crypt,
                  | Tomb, Abyss, Pan, Hells, Win
     0 | D:1      | 0 ||| PLANNING D:1-11
    83 | D:1      | Reached skill level 2 in Axes
   101 | D:1      | 101 ||| Stepping ~*~*~tactically~*~*~ (stealth).
   102 | D:1      | 102 ||| Stepping ~*~*~tactically~*~*~ (stealth).
   194 | D:1      | Reached XP level 2. HP: 18/19 MP: 2/2
   211 | D:1      | 211 ||| Stepping ~*~*~tactically~*~*~ (hiding).
   213 | D:1      | 213 ||| Stepping ~*~*~tactically~*~*~ (hiding).
   331 | D:1      | 331 ||| Stepping ~*~*~tactically~*~*~ (stealth).
   332 | D:1      | 332 ||| Stepping ~*~*~tactically~*~*~ (hiding).
   334 | D:1      | 334 ||| Stepping ~*~*~tactically~*~*~ (hiding).
   341 | D:1      | 341 ||| Stepping ~*~*~tactically~*~*~ (hiding).
   442 | D:1      | 442 ||| Stepping ~*~*~tactically~*~*~ (stealth).
   503 | D:1      | Reached skill level 3 in Axes
   506 | D:1      | Reached XP level 3. HP: 13/23 MP: 3/3
   816 | D:1      | 816 ||| DROPPING +0 whip.
  1066 | D:1      | 1066 ||| READING scroll labelled PYCHET WOLY.
  1067 | D:1      | 1067 ||| READING scroll labelled BASTUF SOUHOIHI.
  1216 | D:2      | Found a faded altar of an unknown god.
  1516 | D:2      | Reached XP level 4. HP: 28/28 MP: 4/4
  1716 | D:2      | 1716 ||| READING 3 scrolls labelled GEOTOALECEA.
  1717 | D:2      | 1717 ||| READING 2 scrolls of brand weapon.
  1717 | D:2      | 1717 ||| BRANDING +0 war axe of venom.
  1718 | D:2      | 1718 ||| READING scroll of brand weapon.
  1718 | D:2      | 1718 ||| BRANDING +0 heavy war axe.
  1719 | D:2      | 1719 ||| READING scroll labelled VIP WEKLAIMEVY.
  1720 | D:2      | 1720 ||| READING scroll labelled HAPHAN JUA.
  1721 | D:2      | 1721 ||| READING scroll labelled XUDOV KUSK.
  1722 | D:2      | 1722 ||| READING scroll labelled GANIZ RUAMUR.
  1770 | D:3      | Found a shadowy altar of Dithmenos.
  1894 | D:3      | 1894 ||| Stepping ~*~*~tactically~*~*~ (stealth).
  1927 | D:3      | Reached skill level 4 in Axes
  2017 | D:3      | 2017 ||| READING scroll of brand weapon.
  2017 | D:3      | 2017 ||| BRANDING +0 war axe of venom.
  2061 | D:3      | 2061 ||| READING scroll of brand weapon.
  2061 | D:3      | 2061 ||| BRANDING +0 war axe of chaos.
  2070 | D:3      | 2070 ||| Stepping ~*~*~tactically~*~*~ (stealth).
  2071 | D:3      | 2071 ||| Stepping ~*~*~tactically~*~*~ (stealth).
  2073 | D:3      | 2073 ||| Stepping ~*~*~tactically~*~*~ (hiding).
  2101 | D:3      | Found a transporter.
  2242 | D:3      | 2242 ||| Stepping ~*~*~tactically~*~*~ (hiding).
  2243 | D:3      | 2243 ||| Stepping ~*~*~tactically~*~*~ (hiding).
  2620 | D:3      | Noticed qw's ghost (amateur GrFi)
  2637 | D:3      | Found a transporter.
  2723 | D:4      | 2723 ||| Stepping ~*~*~tactically~*~*~ (hiding).
  2726 | D:4      | 2726 ||| Stepping ~*~*~tactically~*~*~ (hiding).
  2790 | D:4      | 2790 ||| Stepping ~*~*~tactically~*~*~ (stealth).
  2791 | D:4      | 2791 ||| Stepping ~*~*~tactically~*~*~ (stealth).
  2792 | D:4      | 2792 ||| Stepping ~*~*~tactically~*~*~ (stealth).
  2793 | D:4      | 2793 ||| Stepping ~*~*~tactically~*~*~ (stealth).
  2815 | D:4      | Reached XP level 5. HP: 32/32 MP: 5/5
  2906 | D:4      | Reached skill level 5 in Axes
  3026 | D:4      | 3026 ||| DROPPING +2 mace of protection.
  3327 | D:4      | 3327 ||| READING 2 scrolls labelled UTZOUM SAHO.
  3330 | D:4      | 3330 ||| DRINKING 3 brown potions.
  3333 | D:5      | Entered Level 5 of the Dungeon
  3365 | D:5      | Found an ornate altar of the Wu Jian Council.
  3366 | D:5      | Noticed a steam dragon
  3367 | D:5      | 3367 ||| Stepping ~*~*~tactically~*~*~ (hiding).
  3375 | D:5      | Killed a steam dragon
  3376 | D:5      | Reached XP level 6. HP: 28/38 MP: 6/6
  3424 | D:5      | Identified the +7 hand axe "Death Rattle" {flame, rElec
                  | rN+}
  3426 | D:5      | 3426 ||| DROPPING +1 flail of holy wrath.
  3516 | D:5      | Noticed a black bear
  3519 | D:5      | Killed a black bear
  3520 | D:5      | Reached XP level 7. HP: 36/43 MP: 7/7
  3660 | D:5      | Found Ockukhiss's Jewellery Emporium.
  3667 | D:5      | Reached skill level 6 in Axes
  3673 | D:5      | 3673 ||| SHOPLISTING +4 ring of protection (468 gold, have
                  | 195).
  3673 | D:5      | 3673 ||| SHOPLISTING ring "Ilyr" {Fly rN+ rCorr Int+6
                  | Slay+2} (822 gold, have 195).
  3673 | D:5      | 3673 ||| SHOPLISTING ring of ice (325 gold, have 195).
  3673 | D:5      | 3673 ||| SHOPLISTING ring of positive energy (260 gold,
                  | have 195).
  3689 | D:5      | Noticed Sigmund
  3690 | D:5      | Found a bloodstained altar of Trog.
  3696 | D:5      | Killed Sigmund
  3940 | D:5      | Reached skill level 7 in Axes
  4001 | D:5      | 4001 ||| FLEEEEING.
  4002 | D:5      | 4002 ||| FLEEEEING.
  4003 | D:5      | 4003 ||| FLEEEEING.
  4004 | D:5      | 4004 ||| FLEEEEING.
  4005 | D:5      | 4005 ||| FLEEEEING.
  4006 | D:5      | 4006 ||| FLEEEEING.
  4007 | D:5      | 4007 ||| FLEEEEING.
  4008 | D:5      | 4008 ||| FLEEEEING.
  4009 | D:5      | 4009 ||| FLEEEEING.
  4010 | D:5      | 4010 ||| FLEEEEING.
  4011 | D:5      | 4011 ||| FLEEEEING.
  4012 | D:5      | 4012 ||| FLEEEEING.
  4013 | D:5      | 4013 ||| FLEEEEING.
  4014 | D:5      | 4014 ||| FLEEEEING.
  4015 | D:5      | 4015 ||| FLEEEEING.
  4016 | D:5      | 4016 ||| FLEEEEING.
  4017 | D:5      | 4017 ||| FLEEEEING.
  4018 | D:5      | 4018 ||| FLEEEEING.
  4019 | D:5      | 4019 ||| FLEEEEING.
  4021 | D:5      | 4021 ||| FLEEEEING.
  4022 | D:5      | 4022 ||| FLEEEEING.
  4023 | D:5      | 4023 ||| FLEEEEING.
  4024 | D:5      | 4024 ||| FLEEEEING.
  4074 | D:5      | HP: 7/44 [gnoll/+0 spear (6)]
  4075 | D:5      | 4075 ||| READING 3 scrolls of teleportation.
  4078 | D:5      | 4078 ||| READING 2 scrolls of teleportation.
  4080 | D:5      | HP: 6/44 [gnoll/+0 halberd (2)]
  4119 | D:5      | 4119 ||| Stepping ~*~*~tactically~*~*~ (hiding).
  4334 | D:5      | 4334 ||| Stepping ~*~*~tactically~*~*~ (stealth).
  4342 | D:5      | Reached XP level 8. HP: 42/48 MP: 8/8
  4489 | D:5      | 4489 ||| Stepping ~*~*~tactically~*~*~ (hiding).
  4513 | D:5      | 4513 ||| FLEEEEING.
  4514 | D:5      | 4514 ||| FLEEEEING.
  4515 | D:5      | 4515 ||| FLEEEEING.
  4516 | D:5      | 4516 ||| FLEEEEING.
  4517 | D:5      | 4517 ||| FLEEEEING.
  4518 | D:5      | 4518 ||| FLEEEEING.
  4519 | D:5      | 4519 ||| FLEEEEING.
  4520 | D:5      | 4520 ||| FLEEEEING.
  4521 | D:5      | 4521 ||| FLEEEEING.
  4522 | D:5      | 4522 ||| FLEEEEING.
  4523 | D:5      | 4523 ||| FLEEEEING.
  4527 | D:5      | 4527 ||| FLEEEEING.
  4538 | D:5      | Reached skill level 1 in Throwing
  4642 | D:5      | 4642 ||| Stepping ~*~*~tactically~*~*~ (stealth).
  4659 | D:5      | 4659 ||| FLEEEEING.
  4690 | D:5      | 4690 ||| FLEEEEING.
  4691 | D:5      | 4691 ||| FLEEEEING.
  4735 | D:5      | 4735 ||| Stepping ~*~*~tactically~*~*~ (hiding).
  4860 | D:5      | 4860 ||| FLEEEEING.
  5191 | D:5      | 5191 ||| READING scroll labelled GOMEMO JUTSE.
  5225 | D:5      | 5225 ||| READING scroll labelled CAZOANNIYGONN.
  5271 | D:6      | 5271 ||| Stepping ~*~*~tactically~*~*~ (hiding).
  5272 | D:6      | 5272 ||| Stepping ~*~*~tactically~*~*~ (hiding).
  5273 | D:6      | 5273 ||| Stepping ~*~*~tactically~*~*~ (hiding).
  5289 | D:6      | HP: 11/49 [iguana (10)]
  5290 | D:6      | 5290 ||| READING scroll of teleportation.
  5291 | D:6      | HP: 4/49 [gnoll/+0 whip[a gnoll bouda] (2)]
  5292 | D:6      | Found a staircase to the Ecumenical Temple.
  5293 | D:6      | 5293 ||| PLANNING TEMPLE
  5297 | D:6      | Slain by a kobold brigand

Levels and vault maps discovered:
D:1:      lemuel_arrival_broad_hall, layout_loops_ring, grunt_decor_fettered,
          roderic_lattice_a
D:2:      layout_basic, ebering_ecumenical_altar_rust
D:3:      layout_loops_corners, nicolae_dithmenos_the_darkroom,
          gammafunk_ghost_gnarly_gnolls, minmay_tree_intersection, minivault_26
D:4:      layout_cave_pools
D:5:      minmay_goblin_kobold_castle, layout_basic,
          lemuel_coloured_pillars_altar, nicolae_wu_jian_wuxing_cycle,
          serial_shops, shop, uniq_sigmund
D:6:      layout_cave_pools, nemelex_spade_bored_becter,
          mainiacjoe_overflow_alcove_4, temple_fountains, uniq_pikel

Skill      XL: |  1  2  3  4  5  6  7  8 |
---------------+-------------------------+-----
Axes           | 2 3 4 5 7 |  7.6
Fighting       | 4 5 |  5.0
Dodging        | 2 |  2.4
Throwing       | 1 |  1.1
Armour         | |  3.2
Shields        | |  3.2

Action                     |  1- 3 |  4- 6 |  7- 9 || total
---------------------------+-------+-------+-------++-------
  Melee: War axe           |   111 |    80 |   148 ||   339
  Throw: Boomerang         |     6 |    57 |    54 ||   117
    Use: Scroll            |     2 |    10 |     5 ||    17
         Potion            |       |     1 |       ||     1
 Armour: Scale mail        |    66 |    47 |   114 ||   227
  Dodge: Dodged            |    44 |    44 |   143 ||   231
  Block: Buckler           |    22 |    22 |    48 ||    92

Table legend:
 A = Non-vault XP
 B = Vault XP
 C = Vault XP percentage of total XP
 D = Non-vault monster count
 E = Vault monster count
 F = Vault count percentage of total count
                 A         B        C        D         E       F
            +---------+---------+-------+---------+---------+-------
      Total |    1148 |     423 |  26.9 |      98 |      61 |  38.4
            +---------+---------+-------+---------+---------+-------
        D:1 |      48 |       0 |   0.0 |      25 |       0 |   0.0
        D:2 |      37 |       0 |   0.0 |      10 |       0 |   0.0
        D:3 |      38 |       0 |   0.0 |      16 |       0 |   0.0
        D:4 |     184 |       0 |   0.0 |      18 |       0 |   0.0
        D:5 |     725 |     423 |  36.8 |      22 |      61 |  73.5
        D:6 |     116 |       0 |   0.0 |       7 |       0 |   0.0
            +---------+---------+-------+---------+---------+-------
